 Dungeon Crawl Stone Soup version 0.18.1-50-g88ac8fd (webtiles) character file.

2531 Huivn the Grappler (level 9, -12/79 HPs)
             Began as a Troll Monk on Oct 25, 2016.
             Was a Priest of Qazlal.
             Mangled by a white ugly thing (30 damage)
             ... on level 8 of the Dungeon on Oct 26, 2016.
             The game lasted 01:14:49 (7152 turns).

Huivn the Grappler (Troll Monk)                     Turns: 7152, Time: 01:14:50

Health: -12/79     AC:  9    Str: 21    XL:     9   Next: 30%
Magic:  8/8        EV: 15    Int:  6    God:    Qazlal [***...]
Gold:   352        SH:  6    Dex: 21    Spells: 0 memorised, 8 levels left

rFire  . . .     SeeInvis .       - Unarmed
rCold  . . .     Gourm    +     i - +0 robe
rNeg   + . .     Faith    .     (no shield)
rPois  +         Spirit   .     (helmet restricted)
rElec  .         Dismiss  .     j - +0 cloak
rCorr  .         Reflect  .     (gloves unavailable)
SustAt .         Harm     .     (boots unavailable)
MR     .....     Rnd*Tele +     r - amulet of regeneration
Stlth  ++........               f - +6 ring of dexterity
                                d - ring of positive energy

@: lethally poisoned (-12 -> -13), not resistant to hostile enchantments,
unstealthy
A: unfitting armour, claws 3, large bone plates 1, thin metallic scales 1,
deformed body, fast metabolism 3, frail 1, gourmand, poison resistance,
regeneration 2, shaggy fur 1, teleportitis 1, tough skin 2
a: Upheaval, Elemental Force, Renounce Religion


You were on level 8 of the Dungeon.
You worshipped Qazlal.
Qazlal was most pleased with you.
You were not hungry.

You visited 2 branches of the dungeon, and saw 9 of its levels.
You also visited: Sewer.

You collected 352 gold pieces.

Inventory:

Missiles
 h - 8 javelins (quivered)
Armour
 i - a +0 robe (worn)
 j - a +0 cloak (worn)
Jewellery
 d - a ring of positive energy (left claw)
 f - a +6 ring of dexterity (right claw)
 r - an amulet of regeneration (around neck)
 x - an uncursed ring of wizardry
Wands
 e - a wand of heal wounds (0/9)
Scrolls
 a - a scroll of blinking
 g - 3 scrolls of remove curse
 k - 5 scrolls of teleportation
 m - a scroll of random uselessness
 t - 2 scrolls of fear
 y - a scroll of recharging
 z - a scroll of enchant weapon
 A - 2 scrolls of identify
Potions
 c - 3 potions of cancellation
 l - a potion of invisibility
 o - 2 potions of heal wounds
 p - a potion of magic
 u - 2 potions of flight
 v - a potion of curing
Books
 s - a book of the Earth

   Spells                             Type                      Level
   a - Leda's Liquefaction            Hexes/Earth                  4
   b - Bolt of Magma                  Conjuration/Fire/Earth       5
   c - Statue Form                    Transmutation/Earth          6
   d - Iron Shot                      Conjuration/Earth            6
   e - Shatter                        Earth                        9
Comestibles
 b - 6 bread rations
 n - a beef jerky
 q - 4 fruits
 w - a meat ration


   Skills:
 + Level 5.1 Fighting
 + Level 0.1 Throwing
 + Level 7.0 Dodging
 + Level 3.0 Stealth
 + Level 8.2 Unarmed Combat


You had 8 spell levels left.
You didn't know any spells.

Dungeon Overview and Level Annotations

Branches:
Dungeon (8/15)             Temple (1/1) D:4
   Lair: D:8-11

Altars:
Ashenzari
Cheibriados
Dithmenos
Elyvilon
Fedhas
Gozag
Kikubaaqudgha
Nemelex Xobeh
Okawaru
Pakellas
Qazlal
Ru
Sif Muna
Trog
Vehumet
Xom
Yredelemnul
Zin
The Shining One

Shops:
D:4 [


Innate Abilities, Weirdness & Mutations

You are too large for most types of armour.
You have claws for hands.
Your metabolism is lightning-fast.
You like to eat raw meat.
You heal very quickly.
You are covered in fur (AC +1).
You have very tough skin (AC +2).
You are partially covered in large bone plates (AC +2, SH +2).
You are partially covered in thin metallic scales (AC +2).
Armour fits poorly on your strangely shaped body.
You are frail (-10% HP).
Your system is resistant to poisons.
You are occasionally teleported next to monsters.


Message History

The white ugly thing is moderately wounded.
A giant frog skeleton comes into view.
You claw the white ugly thing!
The white ugly thing is heavily wounded.
The white ugly thing completely misses you.
You claw the white ugly thing!
The white ugly thing is severely wounded.
You feel sick. The white ugly thing engulfs you.
The white ugly thing freezes you!!
Okay, then.
You closely miss the white ugly thing.
The white ugly thing is severely wounded.
The white ugly thing engulfs you. The white ugly thing freezes you!!
* * * LOW HITPOINT WARNING * * *
You scratch the white ugly thing but do no damage.
The white ugly thing is severely wounded.
The white ugly thing engulfs you.
* * * LOW HITPOINT WARNING * * *
The white ugly thing freezes you!!
You die...

#.#
...
#>#
#.#
##.##
.Z.
#u#
#.#
#@#
#.#
#.#
#.#
#.#
#.#
#.###
#.#
#...#
#.#
###.#
#.#
#.#
#.#
#.#
#.#
#<#


You could see a white ugly thing and a giant frog skeleton.

Vanquished Creatures
  Grinder (D:5)
  The ghost of CountDeLaPain the Chucker, an amateur TrHu (D:3)
  Purgy (Sewer)
  Duvessa (D:5)
  An orc warrior (D:7)
  A phantom (D:5)
  A sky beast (D:6)
  2 ogres
  4 giant frogs
  Dowan (D:5)
  2 scorpions
  3 killer bees (D:8)
  2 electric eels (D:6)
  4 crimson imps (D:6)
  A centaur zombie (D:5)
  3 hounds
  2 orc priests (D:4)
  A giant frog skeleton (D:6)
  Crazy Yiuf (D:2)
  2 orc wizards
  A centaur skeleton (D:5)
  5 worker ants
  3 iguanas
  A hound zombie (D:5)
  A gnoll (D:4)
  11 adders
  3 oozes
  An adder skeleton (D:4)
  A dart slug (D:4)
  5 giant geckos
  23 orcs
  4 ball pythons (Sewer)
  7 giant cockroaches
  4 goblins
  6 hobgoblins
  5 jackals
  4 kobolds
  4 quokkas
  9 bats
  A giant gecko zombie (D:4)
  7 giant newts
  A jackal skeleton (D:4)
  3 rats
  5 fungi (D:2)
  A plant (D:3)
151 creatures vanquished.

Notes
Turn   | Place    | Note
--------------------------------------------------------------
     0 | D:1      | Huivn the Troll Monk began the quest for the Orb.
     0 | D:1      | Reached XP level 1. HP: 22/22 MP: 0/0
   177 | D:1      | Reached XP level 2. HP: 22/29 MP: 1/1
   952 | D:2      | Reached XP level 3. HP: 36/36 MP: 2/2
  1395 | D:2      | Noticed Crazy Yiuf
  1405 | D:2      | Killed Crazy Yiuf
  1405 | D:2      | Reached XP level 4. HP: 34/44 MP: 0/3
  2674 | D:3      | Noticed CountDeLaPain's ghost (amateur TrHu)
  2790 | D:3      | Killed CountDeLaPain's ghost
  2790 | D:3      | Reached skill level 5 in Unarmed Combat
  2790 | D:3      | Reached XP level 5. HP: 53/53 MP: 4/4
  2790 | D:3      | Reached XP level 6. HP: 61/61 MP: 5/5
  3115 | D:4      | Found a staircase to the Ecumenical Temple.
  3205 | Temple   | Entered the Ecumenical Temple
  3651 | D:4      | Found Xiatam's Armour Shop.
  3697 | D:4      | Found a stormy altar of Qazlal.
  3706 | D:4      | Became a worshipper of Qazlal Stormbringer
  3706 | D:4      | Reached * piety under Qazlal
  3706 | D:4      | Reached ** piety under Qazlal
  3846 | D:4      | Gained mutation: You are partially covered in large bone plates (AC +2, SH +2). [potion of mutation]
  3846 | D:4      | Gained mutation: You are partially covered in thin metallic scales (AC +2). [potion of mutation]
  3887 | D:4      | Reached XP level 7. HP: 66/67 MP: 6/6
  4579 | D:5      | Entered Level 5 of the Dungeon
  4678 | D:5      | Noticed Grinder
  4681 | D:5      | Paralysed by Grinder for 6 turns
  4702 | D:5      | Killed Grinder
  4702 | D:5      | Reached skill level 5 in Dodging
  4702 | D:5      | Reached skill level 6 in Unarmed Combat
  4821 | D:5      | Reached XP level 8. HP: 78/78 MP: 7/7
  4842 | D:5      | Noticed Duvessa
  4849 | D:5      | Killed Duvessa
  4855 | D:5      | Noticed Dowan
  4970 | D:5      | Killed Dowan
  5223 | D:6      | Found a glowing drain.
  5228 | Sewer    | Entered a sewer
  5301 | Sewer    | Noticed Purgy
  5317 | Sewer    | Killed Purgy
  5317 | Sewer    | Reached skill level 7 in Unarmed Combat
  5742 | D:6      | Gained mutation: You are frail (-10% HP). [mutagenic meat]
  5743 | D:6      | Gained mutation: You are occasionally teleported next to monsters. [mutagenic meat]
  5744 | D:6      | Gained mutation: Your system is resistant to poisons. [mutagenic meat]
  5745 | D:6      | Gained mutation: Armour fits poorly on your strangely shaped body. [mutagenic meat]
  5896 | D:6      | Reached *** piety under Qazlal
  5906 | D:6      | Reached skill level 5 in Fighting
  5966 | D:6      | Reached XP level 9. HP: 79/79 MP: 8/8
  6576 | D:7      | Reached skill level 8 in Unarmed Combat
  7145 | D:8      | Noticed a white ugly thing
  7152 | D:8      | Mangled by a white ugly thing

Skill      XL: |  1  2  3  4  5  6  7  8  9 |
---------------+----------------------------+-----
Dodging        | 3 4 5 6 7 |  7.0
Fighting       | 3 4 5 |  5.1
Unarmed Combat | 5 6 7 8 |  8.2
Stealth        | 2 3 |  3.0
Throwing       | |  0.1

Action                   |  1- 3 |  4- 6 |  7- 9 || total
-------------------------+-------+-------+-------++-------
Melee: Unarmed           |   129 |   111 |   243 ||   483
       Punch             |       |     3 |     7 ||    10
Throw: Javelin           |     1 |       |     1 ||     2
  Use: Scroll            |     4 |     6 |     3 ||    13
       Potion            |     2 |     1 |     6 ||     9
 Stab: Sleeping          |     1 |     1 |       ||     2
  Eat: Chunk             |    13 |    26 |    32 ||    71
       Fruit             |       |       |     1 ||     1
Armor: Robe              |    38 |    21 |    61 ||   120
Dodge: Dodged            |    54 |    59 |   131 ||   244
Block: Other             |       |     1 |    57 ||    58
